Map: Ascension to Aiur LE

Players

Indy - Winner!

  • Race: Protoss Protoss
  • League: Grandmaster
  • Spawn Location: 5:00

A.I. 1 (Harder)

  • Race: Protoss Protoss
  • Spawn Location: 11:00

VOD

https://www.youtube.com/watch?v=ri17fOYVJBk

Description

Time

  • Played on: Jan. 19, 2018, 3:24 a.m.
  • Length: 17:18
Show
View Real Time Build Order
Export as new Build Order

Indy Protoss - Winner!

Build Orders: Zealot Archon 

Get SALT Encoding   

  12  0:00  Probe  
  13  0:12  Probe  
  14  0:17  Pylon  
  14  0:24  Probe  
  15  0:35  Gateway  
  15  0:37  Probe (Chrono Boost)  
  16  0:46  Probe (Chrono Boost)  
  16  0:47  Assimilator  
  17  0:51  Probe (Chrono Boost)  
  17  0:57  Assimilator  
  18  1:03  Probe  
  19  1:10  Gateway  
  19  1:15  Probe  
  20  1:23  Cybernetics Core  
  20  1:27  Probe  
  21  1:35  Pylon  
  22  1:40  Probe  
  22  1:52  Probe  
  23  1:54  Warp Gate (Chrono Boost)  
  23  1:59  Stalker, Sentry  
  27  2:04  Probe  
  28  2:10  Pylon  
  28  2:26  Stalker  
  28  2:29  Stalker  
  32  2:50  Nexus  
  32  3:04  Robotics Facility  
  32  3:07  Probe  
  33  3:16  Shield Battery  
  33  3:19  Probe  
  36  3:20  Sentry  
  36  3:26  Pylon  
  36  3:32  Probe  
  36  3:33  Shield Battery  
  37  3:44  Probe  
  38  3:49  Twilight Council  
  38  3:51  Observer  
  39  3:56  Probe  
  41  4:02  Probe  
  41  4:08  Probe  
  42  4:13  Immortal (Chrono Boost)  
  42  4:15  Probe  
  47  4:20  Probe  
  47  4:21  Sentry  
  50  4:27  Probe  
  50  4:31  Blink (Chrono Boost)  
  51  4:32  Probe  
  51  4:36  Probe  
  52  4:39  Pylon  
  52  4:44  Probe x2  
  55  4:53  Probe  
  55  4:56  Immortal, Probe  
  61  5:03  Forge  
  61  5:05  Probe  
  62  5:08  Probe  
  62  5:11  Gateway  
  62  5:14  Gateway  
  63  5:18  Probe  
  63  5:20  Probe  
  65  5:21  Pylon  
  65  5:28  Assimilator  
  65  5:29  Assimilator  
  65  5:30  Stalker  
  65  5:33  Stalker  
  69  5:39  Immortal (Chrono Boost)  
  73  5:44  Protoss Ground Weapons Level 1 (Chrono Boost)  
  73  5:57  Probe  
  74  6:07  Pylon  
  74  6:08  Stalker x2  
  78  6:13  Pylon  
  78  6:15  Nexus  
  78  6:25  Probe x2  
  80  6:29  Pylon  
  80  6:34  Templar Archives  
  80  6:35  Gateway  
  80  6:36  Gateway  
  80  6:38  Charge  
  80  6:43  Probe x2  
  82  6:47  Pylon  
  82  6:55  Gateway x2  
  82  6:57  Probe  
  82  6:58  Probe  
  84  7:06  Immortal (Chrono Boost)  
  88  7:10  Probe x2  
  90  7:19  Pylon  
  90  7:22  Probe x2  
  92  7:24  Protoss Ground Weapons Level 2 (Chrono Boost)  
  92  7:25  High Templar x2  
  92  7:26  Zealot x2  
  100  7:30  Archon  
  100  7:32  Probe  
  101  7:41  Warp Prism  
  101  7:44  High Templar  
  101  7:45  High Templar  
  101  7:47  Pylon  
  101  7:49  Archon, Pylon  
  107  7:54  Probe  
  107  7:55  Probe x2  
  107  7:58  Pylon  
  110  8:05  Zealot x2  
  110  8:06  Zealot x2  
  110  8:09  Assimilator  
  110  8:10  Assimilator  
  110  8:12  Probe x3  
  121  8:16  Observer  
  122  8:21  High Templar x2  
  122  8:25  Zealot x3  
  122  8:26  Zealot x2  
  136  8:29  Zealot, Archon  
  138  8:53  High Templar  
  138  8:54  Zealot x5, High Templar  
  138  8:55  Zealot  
  154  8:57  Archon  
  154  9:02  Pylon  
  154  9:08  Nexus  
  154  9:11  Protoss Ground Weapons Level 3 (Chrono Boost)  
  154  9:14  Probe x2  
  154  9:15  Probe  
  157  9:17  Immortal (Chrono Boost)  
  161  9:33  Stargate  
  161  9:40  Pylon  
  161  9:43  Pylon  
  161  9:44  Pylon x2  
  161  9:50  Probe  
  161  9:51  Gateway, Probe x2  
  161  9:52  Gateway x2  
  164  9:53  Gateway  
  164  10:01  High Templar x4  
  164  10:05  High Templar x2  
  176  10:08  Archon  
  176  10:09  Archon x2  
  174  10:15  Probe x2  
  174  10:16  Probe  
  174  10:17  Assimilator  
  177  10:23  Assimilator  
  177  10:30  Photon Cannon  
  177  10:31  Probe x4  
  177  10:32  Shield Battery  
  171  10:57  Fleet Beacon  
  171  10:58  Stargate  
  171  11:00  Stargate  
  171  11:07  Protoss Air Weapons Level 1 (Chrono Boost)  
  171  11:09  High Templar x2  
  171  11:10  Zealot, High Templar x2  
  171  11:11  Zealot x7  
  195  11:14  Archon x2  
  195  11:26  Pylon  
  195  11:31  Protoss Shields Level 1 (Chrono Boost)  
  195  11:40  Gateway  
  195  11:42  Gateway  
  195  11:44  Gateway  
  195  11:47  Gateway  
  195  11:56  Graviton Catapult  
  195  12:00  Carrier (Chrono Boost)  
  193  12:04  Carrier (Chrono Boost)  
  193  12:08  Carrier (Chrono Boost)  
  193  12:10  Cybernetics Core  
  195  12:33  Nexus  
  195  12:34  Pylon  
  195  12:36  Assimilator  
  195  12:41  Assimilator, Protoss Air Weapons Level 2 (Chrono Boost)  
  195  12:43  Pylon  
  191  12:47  Mothership, Pylon  
  193  12:52  Protoss Air Armor Level 1 (Chrono Boost)  
  187  13:19  Photon Cannon  
  183  13:22  Photon Cannon  
  183  13:23  Photon Cannon  
  183  13:24  Photon Cannon  
  183  13:26  Carrier (Chrono Boost), Photon Cannon  
  183  13:27  Carrier (Chrono Boost), Photon Cannon  
  183  13:28  Shield Battery  
  183  13:29  Carrier (Chrono Boost)  
  199  13:37  Shield Battery  
  199  13:38  Protoss Shields Level 2 (Chrono Boost)  
  199  13:40  Shield Battery  
  199  14:09  Nexus  
  199  14:10  Pylon  
  199  14:12  Pylon  
  199  14:15  Assimilator  
  199  14:20  Assimilator  
  199  14:48  Photon Cannon  
  199  14:49  Photon Cannon  
  199  14:51  Photon Cannon  
  199  14:52  Photon Cannon  
  199  14:54  Shield Battery x2  
  199  14:55  Shield Battery  
  199  14:57  Photon Cannon  
  185  15:59  High Templar  
  185  16:00  High Templar x8  
  197  16:04  High Templar  
  197  16:05  Archon x4  
  197  16:08  Archon  
Show
View Real Time Build Order
Export as new Build Order

A.I. 1 (Harder) Protoss 

Build Orders: 1 Gate Expand 

Get SALT Encoding   

  12  0:00  Probe  
  13  0:13  Probe  
  14  0:19  Pylon  
  14  0:25  Probe  
  15  0:37  Probe  
  15  0:41  Gateway  
  17  0:50  Probe  
  17  1:10  Nexus  
  17  1:14  Probe  
  18  1:29  Pylon  
  18  1:31  Zealot  
  20  1:33  Assimilator  
  20  1:44  Probe, Cybernetics Core  
  21  1:57  Probe  
  22  2:08  Gateway  
  22  2:09  Probe  
  22  2:14  Assimilator  
  23  2:20  Stalker  
  23  2:22  Pylon  
  25  2:24  Probe  
  26  2:36  Probe  
  27  2:43  Warp Gate  
  27  2:44  Probe  
  27  2:48  Probe  
  27  2:50  Adept  
  31  2:56  Probe  
  32  3:00  Probe  
  33  3:08  Gateway, Probe  
  34  3:12  Probe  
  34  3:18  Stalker  
  37  3:20  Probe  
  37  3:25  Probe  
  38  3:36  Sentry  
  40  3:41  Assimilator  
  40  3:49  Assimilator  
  40  3:54  Robotics Facility  
  40  4:07  Probe  
  41  4:10  Probe  
  41  4:14  Stargate  
  42  4:19  Probe  
  43  4:31  Probe  
  44  4:33  Probe, Pylon  
  45  4:43  Immortal, Probe  
  45  4:44  Forge  
  50  4:52  Probe  
  51  4:55  Probe  
  51  4:59  Void Ray  
  52  5:01  Pylon  
  52  5:04  Probe  
  57  5:07  Probe  
  58  5:16  Probe  
  58  5:17  Zealot  
  58  5:18  Protoss Ground Weapons Level 1  
  58  5:19  Probe  
  62  5:25  Pylon  
  63  5:28  Probe  
  63  5:31  Probe  
  63  5:34  Zealot  
  66  5:40  Probe  
  67  5:43  Probe  
  68  5:50  Pylon  
  68  5:51  Stalker  
  68  5:52  Probe  
  68  5:55  Probe  
  72  6:04  Probe  
  72  6:08  Stalker, Probe  
  76  6:13  Pylon  
  76  6:16  Probe  
  77  6:20  Probe  
  78  6:25  Stalker  
  80  6:35  Pylon  
  80  6:42  Sentry  
  80  6:45  Photon Cannon  
  82  6:51  Photon Cannon  
  82  6:52  Pylon  
  82  6:53  Oracle, Observer  
  86  6:56  Pylon  
  86  7:04  Twilight Council  
  86  7:12  Protoss Ground Armor Level 1  
  86  7:15  Observer  
  87  7:30  Void Ray  
  91  7:42  Immortal  
  94  8:21  Immortal  
  98  9:27  Warp Prism  
  98  9:28  Protoss Ground Weapons Level 2  
  98  9:29  Protoss Air Weapons Level 1  
  100  9:32  Pylon  
  100  9:37  Nexus  
  100  9:53  Gateway  
  100  9:55  Fleet Beacon  
  100  9:59  Templar Archives  
  100  10:02  Pylon, Warp Prism  
  102  10:25  Robotics Facility  
  102  10:28  Pylon  
  99  10:29  Oracle  
  96  10:35  High Templar  
  96  10:39  Observer  
  71  10:45  Zealot  
  66  10:50  Probe x3  
  66  10:52  Photon Cannon  
  66  10:53  Photon Cannon  
  66  10:54  Stalker  
  70  10:59  Warp Prism  
  70  11:02  Assimilator, Probe  
  70  11:03  Zealot, Probe x2  
  77  11:04  Assimilator  
  77  11:13  Stalker  
  77  11:14  Dark Shrine, Probe  
  80  11:22  Sentry  
  80  11:23  Protoss Air Armor Level 1  
  82  11:27  Probe x2  
  82  11:31  Carrier  
  90  11:41  High Templar  
  90  11:44  Protoss Shields Level 1  
  92  12:01  Probe x2  
  90  12:02  Probe  
  90  12:03  Zealot  
  82  12:12  Sentry  
  82  12:13  Probe x2  
  82  12:14  Probe  
  77  12:21  Immortal  
  80  12:23  Photon Cannon  
  80  12:25  Probe  
  80  12:26  Probe  
  80  12:27  Probe  
  83  12:30  Zealot  
  83  12:34  Stalker  
  83  12:37  Probe, Robotics Bay  
  83  12:38  Probe, Photon Cannon  
  83  12:40  Probe  
  86  12:44  Stalker  
  86  12:48  Nexus  
  86  12:49  Probe  
  89  12:57  Void Ray  
  91  13:00  Immortal  
  91  13:04  Zealot  
  97  13:09  Sentry  
  99  13:15  Zealot  
  101  13:20  Stalker  
  101  13:25  Zealot  
  101  13:26  Observer Gravitic Boosters  
  105  13:32  High Templar  
  105  13:33  Pylon  
  107  13:38  Protoss Ground Armor Level 2  
  107  13:40  Tempest  
  113  13:41  Psionic Storm  
  113  13:42  Colossus  
  113  13:48  Zealot  
  121  13:53  Stalker  
  123  13:57  Forge  
  123  13:58  Stalker  
  123  13:59  Gateway  
  123  14:00  Probe  
  126  14:03  Stargate  
  126  14:04  Archon, Adept  
  126  14:09  Assimilator  
  128  14:10  High Templar  
  128  14:12  Robotics Facility  
  128  14:15  Assimilator  
  128  14:16  Stalker  
  132  14:21  Sentry  
  132  14:24  Gravitic Drive  
  134  14:26  Void Ray  
  134  14:28  Pylon  
  134  14:30  Pylon  
  138  14:31  High Templar  
  138  14:36  Blink  
  140  14:39  Stalker  
  142  14:46  Phoenix  
  144  14:53  Photon Cannon  
  144  14:55  Photon Cannon  
  144  14:57  Archon  
  144  14:58  High Templar  
  146  15:08  High Templar  
  146  15:09  Phoenix  
  150  15:18  Graviton Catapult  
  150  15:47  Stalker  
  143  15:51  Zealot  
  143  15:52  Zealot x2  
  143  15:53  Zealot  
  106  15:58  Phoenix  
  69  16:10  Zealot  
  69  16:11  Stalker  
  68  16:12  Zealot  
  68  16:13  Stalker, Zealot  
  65  16:24  Void Ray, Warp Prism  
  60  16:30  Zealot  
  60  16:32  Zealot, Probe  
  43  16:34  Zealot x2, Stalker  
  43  16:37  Stalker  
  43  16:38  Zealot  
  32  16:54  Zealot  
  32  16:58  Zealot  
  32  17:00  Stalker  
Tags
 
Composition
Zealot Archon
Matchup
PvP
Player
Indy
Spawn Locations
Cross Positions
Add a new tag
Caveats
  • Supply blocks, unpowered buildings, or Contaminate may cause inaccurate times.
  • Supply counts are checked every 10 seconds.